 Dungeon Crawl Stone Soup version 0.30.0 (webtiles) character file.

Game seed: 12250061904780589257

133402 fugger the Warrior (level 16, -3/135 (138) HPs)
             Began as a Demonspawn Gladiator on Dec 4, 2023.
             Was an Elder of Wu Jian.
             Slain by a guardian serpent (10 damage)
             ... on level 4 of the Snake Pit on Dec 5, 2023.
             The game lasted 02:08:20 (29662 turns).

fugger the Warrior (Demonspawn Gladiator)          Turns: 29662, Time: 02:08:26

HP:   -3/135 (138)  AC: 15    Str: 18    XL:     16   Next: 59%
MP:   16/16         EV: 28    Int:  9    God:    Wu Jian [****..]
Gold: 2702          SH:  0    Dex: 23    Spells: 13/15 levels left

rFire   + . .        m - +7 dagger (speed)
rCold   x . .        (no shield)
rNeg    . . .        U - +4 troll leather armour
rPois   +            c - +0 helmet
rElec   .            (cloak unavailable)
rCorr   .            (no gloves)
SInv    .            h - +0 pair of boots
Will    +....        Y - amulet of regeneration
Stlth   ++           P - ring of poison resistance
HPRegen 2.02/turn    G - ring "Lairchyij" {Fire Str+2 Int-2 Dex+3}
MPRegen 0.15/turn

%: no passive effects
@: lethally poisoned (-3 -> -6), untranslocatable, in a heavenly storm, glowing,
constricted, lightly drained
A: yellow scales 2, ignite blood 2, powered by pain 3, augmentation 1, weakness
stinger 3
a: Renounce Religion, Wall Jump, Serpent's Lash


You were on level 4 of the Snake Pit.
You worshipped Wu Jian.
Wu Jian was greatly pleased with you.
You visited 5 branches of the dungeon, and saw 27 of its levels.

You collected 2702 gold pieces.

Inventory:

Hand Weapons
 m - a +7 dagger of speed (weapon)
Armour
 c - a +0 helmet (worn)
 d - the +1 ring mail "Xoefi" {rF+ rC+ rCorr Stlth+}
   (You found it on level 2 of the Snake Pit)

   rF:        It protects you from fire.
   rC:        It protects you from cold.
   rCorr:     It protects you from acid and corrosion.
   Stlth:     It makes you more stealthy.
 h - a +0 pair of boots (worn)
 U - a +4 troll leather armour (worn)
Jewellery
 D - a ring of see invisible
 G - the ring "Lairchyij" (right hand) {Fire Str+2 Int-2 Dex+3}
   (You found it on level 4 of the Lair of Beasts)

   [ring of fire]

   It enhances your fire magic.
   Str:       It affects your strength (+2).
   Int:       It affects your intelligence (-2).
   Dex:       It affects your dexterity (+3).
   rF:        It protects you from fire.
   rC:        It makes you vulnerable to cold.
 N - a +4 ring of protection
 P - a ring of poison resistance (left hand)
 V - the ring "Piam Xaz" {Fire MP+9 Str+4 Stlth+}
   (You found it on level 11 of the Dungeon)

   [ring of fire]

   It enhances your fire magic.
   Str:       It affects your strength (+4).
   rF:        It protects you from fire.
   rC:        It makes you vulnerable to cold.
   MP:        It affects your magic capacity (+9).
   Stlth:     It makes you more stealthy.
 Y - an amulet of regeneration (around neck)
Wands
 e - a wand of acid (7)
 y - a wand of flame (6)
 K - a wand of charming (30)
 W - a wand of mindburst (14)
 X - a wand of iceblast (6)
Scrolls
 a - 2 scrolls of silence
 g - 14 scrolls of teleportation
 i - 10 scrolls of noise
 j - a scroll of torment
 n - 4 scrolls of magic mapping
 p - 6 scrolls of poison
 q - 2 scrolls of vulnerability
 s - 8 scrolls of immolation
 t - 2 scrolls of fog
 v - 2 scrolls of butterflies
 C - 4 scrolls of fear
 E - 4 scrolls of enchant armour
 I - 6 scrolls of amnesia
 R - 2 scrolls of blinking (quivered)
Potions
 f - 4 potions of invisibility
 k - a potion of mutation {unknown}
 l - 5 potions of brilliance
 o - 6 potions of lignification
 r - 3 potions of resistance
 u - 5 potions of degeneration
 x - 12 potions of curing
 z - 6 potions of haste
 A - 3 potions of cancellation {unknown}
 B - 5 potions of flight
 F - 3 potions of might {unknown}
 J - 5 potions of heal wounds
 L - 7 potions of magic
 Q - 3 potions of berserk rage
 S - 3 potions of attraction
 Z - a potion of ambrosia {unknown}
Miscellaneous
 b - a phantom mirror
 H - a box of beasts
 M - a piece from Xom's chessboard (15/15)
 O - a tin of tremorstones (2/2)
 T - a phial of floods


   Skills:
 + Level 16.0 Fighting
 + Level 14.6(14.7) Short Blades
 + Level 3.5(10.1) Long Blades
 + Level 2.3 Throwing
 + Level 7.9 Armour
 + Level 14.7 Dodging
 + Level 11.0 Stealth


You had 13 spell levels left.
You knew the following spells:

 Your Spells              Type           Power      Damage    Failure   Level
a - Blink                 Tloc           0%         N/A       56%         2

Your spell library contained the following spells:

 Spells                   Type           Power      Damage    Failure   Level
 Foxfire                  Conj/Fire      0%         2x1d4     43%         1
 Kiss of Death            Conj/Necr      0%         2d5       43%         1
 Confusing Touch          Hex            0%         N/A       80%         3
 Inner Flame              Hex/Fire       0%         N/A       80%         3
 Vhi's Electric Charge    Tloc/Air       0%         N/A       80%         3
 Anguish                  Hex/Necr       0%         N/A       99%         4
 Cause Fear               Hex            0%         N/A       99%         4
 Dispel Undead            Necr           0%         3d6       99%         4
 Flame Wave               Conj/Fire      0%         2d4       99%         4
 Manifold Assault         Tloc           0%         N/A       99%         4
 Olgreb's Toxic Radiance  Pois           0%         N/A       99%         4
 Sticky Flame             Conj/Fire      0%         2d3       99%         4
 Arcjolt                  Conj/Air       0%         1d10      100%        5
 Fireball                 Conj/Fire      0%         3d3       100%        5
 Summon Forest            Summ/Tloc      0%         N/A       100%        5
 Death Channel            Necr           0%         N/A       100%        6
 Plasma Beam              Fire/Air       0%         2x1d11    100%        6
 Starburst                Conj/Fire      0%         6d3       100%        6
 Enfeeble                 Hex            0%         N/A       100%        7
 Storm Form               Tmut/Air       0%         N/A       100%        7
 Borgnjor's Revivificati  Necr           0%         N/A       100%        8
 Discord                  Hex            0%         N/A       100%        8
 Ignition                 Fire           0%         3d3       100%        8
 Maxwell's Capacitive Co  Air            0%         ∞         100%        8


Dungeon Overview and Level Annotations

Branches:
Dungeon (15/15)            Temple (1/1) D:7            Lair (5/5) D:11
 Shoals (0/4) Lair:3        Snake (4/4) Lair:2        Slime (0/5) Lair:5
    Orc (2/2) D:11            Elf (0/3) Orc:2        Vaults (0/5) D:13
 Depths (0/4) D:15

Altars:
Ashenzari
Cheibriados
Dithmenos
Fedhas
Gozag
Hepliaklqana
Kikubaaqudgha
Makhleb
Nemelex Xobeh
Okawaru
Qazlal
Ru
Sif Muna
Trog
Uskayaw
Vehumet
Wu Jian
Xom
Yredelemnul

Shops:
D:3 (   D:7 :   D:13 =   D:14 =   D:15 *   Orc:1 :   Orc:2 ([=*


Innate Abilities, Weirdness & Mutations

You are mostly covered in yellow scales. (AC +3)
Your demonic aura often causes spilled blood to erupt in flames.
You are powered by pain.
Your magical and physical power is slightly enhanced at high health.
You have a sharp stinger which inflicts weakening toxins.


Message History

The nagaraja is heavily wounded.
You feel sick.
You hear an angry hiss.
The naga warrior completely misses you.
A black mamba comes into view.
You hear a shout!
You puncture the nagaraja!
The nagaraja is heavily wounded.
You feel sick. The nagaraja misses you. The nagaraja constricts you.
The naga ritualist calls down the wrath of its god upon you.
You resist with some effort. The nagaraja closely misses you.
The nagaraja points at you and mumbles some strange words.
The poison arrow misses you.
The poison arrow hits the salamander!!
The salamander looks as sick as possible!
The naga warrior misses you.
You impale the nagaraja!!
The nagaraja is severely wounded.
You feel sick. The salamander misses you.
The nagaraja hits you with a +0 spear! The nagaraja constricts you.
The naga warrior hits you with a +0 short sword!
* * * LOW HITPOINT WARNING * * *
You hit the nagaraja but do no damage.
The nagaraja is severely wounded.
You feel sick.
The nagaraja mumbles some strange words.
The nagaraja seems to speed up.
The naga ritualist completely misses you.
The nagaraja casts a spell at you. The poison arrow hits you!!
You are more poisoned.
You partially resist.
* * * LOW HITPOINT WARNING * * *
You feel much better.
You feel very sick. The nagaraja hits you with a +0 spear!
* * * LOW HITPOINT WARNING * * *
The nagaraja constricts you.
* * * LOW HITPOINT WARNING * * *
The guardian serpent hits you!
You die...

.......##.#.##.###
..###.#..#..###..#
.####....#..#...###
.###.....##.##....#
.##..#..###.#.#####
##.#.#..# ##..### .
##...###
#..#§######...
#...##
#..#§NNNS○.....
#..##
###.SN@SNN.....
#### #.S#NNN§.§.N.
.####
#.#.#N§§☼.....
##.#..#
..##..#########
##...# ##. .##
#...## # . ...###
.. ..)..# ##
.....## ##)# #


You could see 3 nagarajas, 2 naga warriors, a salamander (extremely poisoned),
an anaconda, a naga ritualist, 2 guardian serpents, a black mamba and 2 nagas.

Vanquished Creatures
  A nagaraja (Snake:4)
  Donald (Lair:2)
  An orc warlord (Orc:2)
  The ghost of Wairalebb the Basher, a journeyman BaFi of Cheibriados (Lair:3)
  The ghost of LeafLetters the Dealer of Despair, an adept VSNe of Kikubaaqudgha (Snake:1)
  Snorg (Orc:1)
  2 ettins
  A fire dragon (Lair:4)
  An ice dragon (Lair:4)
  8 hydras
  Erolcha (D:13)
  An ogre mage (D:13)
  10 anacondas
  A boulder beetle (D:11)
  Erica (Orc:1)
  4 centaur warriors
  A death yak (Lair:2)
  10 two-headed ogres
  6 naga warriors
  A tengu warrior (D:15)
  6 orc high priests
  3 shock serpents
  7 naga sharpshooters
  3 skysharks (Lair:5)
  2 skeletal warriors (D:12)
  2 salamander mystics
  2 deep trolls (D:15)
  2 sea snakes (Snake:1)
  4 naga ritualists (Snake:3)
  2 necromancers (D:15)
  2 deep elf pyromancers
  8 mana vipers
  3 orc knights
  3 orc sorcerers
  10 salamanders
  11 ugly things
  6 cyclopes
  5 manticores
  Maurice (Orc:1)
  30 black mambas
  10 naga magi
  2 torpor snails
  3 gargoyles
  2 guardian serpents
  9 cane toads
  A guardian serpent (shapeshifter) (D:15)
  10 elephants
  An unseen horror (D:12)
  A kobold demonologist (D:11)
  14 rime drakes
  3 komodo dragons
  An efreet (D:13)
  5 trolls
  Grinder (D:4)
  11 polar bears
  A wind drake (Lair:3)
  A hornet (Lair:3)
  8 blink frogs
  4 raiju (Lair:5)
  A shadow (D:11)
  6 slime creatures (D:13)
  2 wraiths
  6 wyverns
  40 yaks
  3 vampires
  7 basilisks
  14 steam dragons
  6 vampire mosquitoes
  A death yak simulacrum (Lair:4)
  Menkaure (D:5)
  28 nagas
  12 wargs
  3 acid dragons
  7 water moccasins
  11 hell hounds (Lair:5)
  A hydra simulacrum (Lair:4)
  32 orc warriors
  3 sky beasts
  13 black bears
  2 ice beasts
  2 black mamba simulacra (Lair:4)
  21 wolves
  9 ogres
  3 centaurs
  A phantom (D:5)
  2 kobold brigands
  Blork the orc (D:5)
  16 bullfrogs
  A gnoll sergeant (D:13)
  4 scorpions
  2 cane toad simulacra (Lair:4)
  9 wights (D:10)
  A lindwurm simulacrum (Lair:4)
  An elephant simulacrum (Lair:4)
  10 electric eels
  10 howler monkeys
  5 hounds
  7 jellies
  2 gnoll boudas
  12 orc priests
  2 sleepcaps (D:5)
  3 iguanas (D:4)
  16 orc wizards
  6 adders
  18 gnolls
  7 river rats (D:6)
  2 white imps
  An ufetubus (D:6)
  3 worms
  A dart slug (D:4)
  46 orcs
  5 bats
  5 endoplasms
  2 giant cockroaches
  8 goblins
  5 hobgoblins
  3 jackals (D:2)
  15 kobolds
  10 quokkas
  13 ball pythons
  6 frilled lizards
  22 rats
  2 butterflies (Lair:1)
773 creatures vanquished.

Vanquished Creatures (others)
  2 rime drakes (Lair:4)
  An ogre (Orc:2)
  An orc wizard (D:6)
  30 fungi
  54 plants
88 creatures vanquished.

Grand Total: 861 creatures vanquished

Notes
Turn   | Place    | Note
-------+----------+-------------------------------------------
     0 | D:1      | fugger the Demonspawn Gladiator began the quest for the
                  | Orb.
     0 | D:1      | Reached XP level 1. HP: 16/16 MP: 1/1
   174 | D:1      | Gained mutation: Your demonic aura sometimes causes spilled
                  | blood to erupt in flames. [demonic ancestry]
   174 | D:1      | Reached XP level 2. HP: 19/22 MP: 2/2
   673 | D:1      | Reached XP level 3. HP: 27/27 MP: 3/3
  1099 | D:2      | Reached skill level 1 in Armour
  1733 | D:2      | Gained mutation: You have a small tail. [demonic ancestry]
  1733 | D:2      | Reached XP level 4. HP: 4/34 MP: 4/4
  1735 | D:2      | HP: 1/34 [poisoned by an adder]
  2054 | D:3      | Gained mutation: You are partially covered in yellow
                  | scales. (AC +2) [demonic ancestry]
  2054 | D:3      | Reached XP level 5. HP: 24/39 MP: 5/5
  2160 | D:3      | Found a faded altar of an unknown god.
  2275 | D:3      | Found a shadowy altar of Dithmenos.
  2420 | D:3      | Found Vuatz's Antique Weapon Emporium.
  2549 | D:4      | Noticed a black bear
  2560 | D:4      | Killed a black bear
  2561 | D:4      | Reached skill level 1 in Short Blades
  2561 | D:4      | Reached skill level 1 in Stealth
  2567 | D:5      | Entered Level 5 of the Dungeon
  2742 | D:4      | Gained mutation: You are mostly covered in yellow scales.
                  | (AC +3) [demonic ancestry]
  2742 | D:4      | Reached XP level 6. HP: 21/46 MP: 6/6
  3171 | D:4      | Noticed Grinder
  3200 | D:4      | Paralysed by Grinder for 3 turns
  3204 | D:4      | Paralysed by Grinder for 4 turns
  3239 | D:4      | Killed Grinder
  3240 | D:4      | Reached skill level 3 in Fighting
  3240 | D:4      | Reached XP level 7. HP: 7/52 MP: 7/7
  4717 | D:5      | Gained mutation: You sometimes gain a little power by
                  | taking damage. [demonic ancestry]
  4717 | D:5      | Reached XP level 8. HP: 21/60 MP: 8/8
  4949 | D:5      | Reached skill level 5 in Dodging
  5074 | D:5      | Reached skill level 4 in Fighting
  5151 | D:5      | Noticed Blork the orc
  5163 | D:5      | Killed Blork the orc
  5164 | D:5      | Reached skill level 5 in Short Blades
  5188 | D:5      | Noticed Menkaure
  5203 | D:5      | Killed Menkaure
  5592 | D:6      | Found a burning altar of Makhleb.
  5644 | D:6      | Found a sacrificial altar of Ru.
  5675 | D:6      | Found a sparkling altar of Nemelex Xobeh.
  5675 | D:6      | Found a blossoming altar of Fedhas.
  5676 | D:6      | Found a radiant altar of Vehumet.
  5716 | D:6      | Found a hide-covered altar of Uskayaw.
  5940 | D:6      | Reached skill level 5 in Fighting
  6426 | D:6      | Gained mutation: Your demonic aura often causes spilled
                  | blood to erupt in flames. [demonic ancestry]
  6426 | D:6      | Reached XP level 9. HP: 54/68 MP: 9/9
  7408 | D:7      | Found Puow's Vocational Training.
  7586 | D:7      | Reached skill level 6 in Fighting
  7596 | D:7      | Found a staircase to the Ecumenical Temple.
  7637 | Temple   | Entered the Ecumenical Temple
  7889 | Temple   | Became a worshipper of the Wu Jian Council
  8801 | D:9      | Gained mutation: You sometimes gain power by taking damage.
                  | [demonic ancestry]
  8801 | D:9      | Reached XP level 10. HP: 34/77 MP: 10/10
 10454 | D:9      | Noticed a two-headed ogre
 10478 | D:9      | Killed a two-headed ogre
 10479 | D:9      | Reached skill level 7 in Fighting
 10568 | D:9      | Found a broken altar of Ashenzari.
 10815 | D:10     | Entered Level 10 of the Dungeon
 10837 | D:10     | Noticed a two-headed ogre
 10837 | D:10     | Noticed a two-headed ogre
 10853 | D:10     | Killed a two-headed ogre
 10868 | D:10     | Killed a two-headed ogre
 10995 | D:10     | Reached * piety under Wu Jian
 11367 | D:10     | Reached XP level 11. HP: 76/84 MP: 11/11
 11391 | D:10     | Found a shimmering blue altar of Sif Muna.
 11581 | D:10     | Noticed a two-headed ogre
 11590 | D:10     | Killed a two-headed ogre
 11669 | D:10     | Found an iron altar of Okawaru.
 11883 | D:11     | Noticed a centaur warrior
 11893 | D:11     | Killed a centaur warrior
 11956 | D:11     | Found a staircase to the Orcish Mines.
 12042 | D:11     | Noticed a two-headed ogre
 12053 | D:11     | Killed a two-headed ogre
 12054 | D:11     | Reached skill level 8 in Fighting
 12054 | D:11     | Reached skill level 10 in Short Blades
 12054 | D:11     | Reached skill level 5 in Armour
 12547 | D:11     | Found a staircase to the Lair.
 13114 | D:11     | Identified the ring "Piam Xaz" {Fire MP+9 Str+4 Stlth+}
 13189 | D:11     | Noticed a boulder beetle
 13756 | D:11     | Killed a boulder beetle
 13757 | D:11     | Reached skill level 5 in Stealth
 14012 | Lair:1   | Entered Level 1 of the Lair of Beasts
 14181 | Lair:1   | Identified the +0 dagger of Niggox Ymes {speed, *Slow Fly
                  | rC+ Str+2}
 14258 | Lair:1   | Reached ** piety under Wu Jian
 14259 | Lair:1   | Reached skill level 9 in Fighting
 14277 | Lair:1   | Gained mutation: You have a tail ending in a sharp stinger.
                  | [demonic ancestry]
 14277 | Lair:1   | Reached XP level 12. HP: 48/95 MP: 12/12
 15052 | Lair:2   | Noticed a six-headed hydra
 15177 | Lair:2   | Found a staircase to the Snake Pit.
 15277 | Lair:2   | Reached skill level 10 in Dodging
 15427 | Lair:2   | Reached skill level 10 in Fighting
 15436 | Lair:2   | Noticed a six-headed hydra
 15456 | Lair:2   | Killed a six-headed hydra
 15586 | Lair:2   | Noticed a seven-headed hydra
 15588 | Lair:2   | Noticed a death yak
 15588 | Lair:2   | Noticed a four-headed hydra
 15588 | Lair:2   | Killed a seven-headed hydra
 15621 | Lair:2   | Killed a death yak
 15645 | Lair:2   | Killed a four-headed hydra
 15655 | Lair:2   | Got the Omnibus of the Torch
 15695 | Lair:2   | Noticed a six-headed hydra
 15713 | Lair:2   | Killed a six-headed hydra
 15736 | Lair:2   | Identified the staff of conjuration "Viweugua" {Str+3}
 15854 | Lair:2   | Reached skill level 11 in Fighting
 15926 | Lair:2   | Killed a six-headed hydra
 16564 | Lair:3   | Found a staircase to the Shoals.
 16589 | Lair:3   | Gained mutation: You have a sharp stinger which inflicts
                  | weakening toxins. [demonic ancestry]
 16589 | Lair:3   | Reached XP level 13. HP: 77/106 MP: 13/13
 16759 | Lair:3   | Reached *** piety under Wu Jian
 17948 | Lair:4   | Found a runed translucent gate.
 17948 | Lair:4   | Found a runed translucent gate.
 17948 | Lair:4   | Found a runed translucent gate.
 18109 | Lair:4   | Noticed a fire dragon
 18151 | Lair:4   | Reached **** piety under Wu Jian
 18193 | Lair:4   | Reached skill level 12 in Fighting
 18227 | Lair:4   | Identified the +9 flail of the Enfolding Gods {holy, rElec
                  | rF+ Str+3}
 18295 | Lair:4   | Killed a fire dragon
 18585 | Lair:4   | Noticed Wairalebb's ghost (journeyman BaFi)
 18769 | Lair:5   | Entered Level 5 of the Lair of Beasts
 19552 | Lair:5   | Found a staircase to the Slime Pits.
 19590 | Lair:5   | Reached ***** piety under Wu Jian
 19814 | Lair:5   | Gained mutation: You are powered by pain. [demonic
                  | ancestry]
 19814 | Lair:5   | Reached XP level 14. HP: 116/116 MP: 14/14
 20214 | Lair:5   | Reached skill level 13 in Fighting
 20665 | Lair:3   | Killed Wairalebb's ghost
 20799 | Lair:4   | HP: 1/118 [death yak simulacrum (49)]
 20911 | Lair:4   | Got the ring "Lairchyij" {Fire Str+2 Int-2 Dex+3}
 22191 | D:13     | Paralysed by something for 5 turns
 22284 | D:13     | Noticed Erolcha
 22290 | D:13     | Killed Erolcha
 22328 | D:13     | Found Taecs's Jewellery Shoppe.
 22363 | D:13     | Found a gate to the Vaults.
 23058 | D:14     | Found Xinij's Jewellery Shop.
 23294 | D:15     | Entered Level 15 of the Dungeon
 23452 | D:15     | Reached XP level 15. HP: 124/125 MP: 15/15
 23566 | D:15     | Reached skill level 14 in Fighting
 23566 | D:15     | Found Wafaq's Assorted Antiques.
 23675 | D:15     | Found a staircase to the Depths.
 23758 | D:15     | Found a bloodstained altar of Trog.
 24206 | Orc:1    | Entered Level 1 of the Orcish Mines
 24215 | Orc:1    | Noticed Maurice
 24219 | Orc:1    | Killed Maurice
 24244 | Orc:1    | Noticed Snorg
 24259 | Orc:1    | Killed Snorg
 24536 | Orc:1    | Found Archousit's Book Boutique.
 24564 | Orc:1    | Noticed Erica
 24573 | Orc:1    | Killed Erica
 24833 | Orc:2    | Entered Level 2 of the Orcish Mines
 24833 | Orc:2    | Found Ynguokir's General Store.
 24947 | Orc:2    | Paralysed by an orc sorcerer for 5 turns
 25065 | Orc:2    | Found a staircase to the Elven Halls.
 25359 | Orc:2    | Found Jeuqan's Antique Armour Boutique.
 25498 | Orc:2    | Found Asiloh's Antique Weapon Boutique.
 25647 | Orc:2    | Found Sifat's Jewellery Shoppe.
 26092 | Snake:1  | Entered Level 1 of the Snake Pit
 26162 | Snake:1  | Noticed Donald
 26228 | Lair:2   | Killed Donald
 26280 | Snake:1  | Noticed LeafLetters's ghost (adept VSNe)
 26284 | Snake:1  | Found a runed translucent door.
 26396 | Snake:1  | Reached skill level 15 in Fighting
 26447 | Snake:1  | Got the Precepts of Generation and Necromancy
 27183 | Snake:1  | Killed LeafLetters's ghost
 27285 | Snake:2  | Reached skill level 10 in Stealth
 27608 | Snake:2  | Identified the +1 ring mail "Xoefi" {rF+ rC+ rCorr Stlth+}
 27644 | Snake:2  | Found the +8 longbow "Zephyr" {speed, Dex+3 SInv}
 27883 | Snake:2  | Gained mutation: Your magical and physical power is
                  | slightly enhanced at high health. [demonic ancestry]
 27883 | Snake:2  | Reached XP level 16. HP: 31/136 MP: 16/16
 28486 | Snake:4  | Entered Level 4 of the Snake Pit
 28806 | Snake:3  | Learned a level 2 spell: Blink
 28813 | Snake:3  | Identified the +0 scale mail of Awe {Harm rPois rF+ Stlth-}
 29506 | Snake:4  | Reached skill level 16 in Fighting
 29662 | Snake:4  | Slain by a guardian serpent

Illustrated notes

Levels and vault maps discovered:
D:1:      dpeg_arrival_brainrot, layout_loops_ring
D:2:      layout_loops_ring
D:3:      layout_basic, nicolae_dithmenos_through_a_glass_darkly,
          chequers_ecumenical_altar_grove, serial_shops, nicolae_lakefront_shop
D:4:      layout_basic, mainiacjoe_overflow_tiny_flanked, serial_bayou,
          serial_bayou_pond_e, serial_bayou_ford_a, serial_bayou_shore_a,
          serial_bayou_lagoon_b, serial_bayou_pond_e, serial_bayou_crossing,
          serial_bayou_lake_a, uniq_grinder
D:5:      layout_cave_pools, uniq_menkaure, uniq_blork_the_orc
D:6:      lemuel_ratsnest, layout_loops_corners, eat_drink_and_be_merry_uskayaw,
          mainiacjoe_overflow_alcove_1, grunt_temple_overflow_open
D:7:      layout_rooms, minmay_temple_entry_water_ring, nicolae_shop_vocational
D:8:      layout_layer_cave
D:9:      layout_rooms, mainiacjoe_overflow_brackets, amethyst_killhole
D:10:     layout_irregular_city, kennysheep_orc_sif_temple,
          mainiacjoe_overflow_alcove_2
D:11:     layout_irregular_city, erik_lair_island, hex_large
D:12:     layout_irregular_city
D:13:     layout_small_grid, david_vaults_2, serial_shops, shop, uniq_erolcha
D:14:     layout_roguey, serial_shops, kennysheep_mini,
          infiniplex_staircase_squiggle
D:15:     hangedman_depths_entry_civil_slaughter, layout_basic, serial_shops,
          shop, bloody_trog
Temple:   grunt_temple_mini_profane
Lair:1:   layout_big_grid, infiniplex_staircase_pool, lemuel_fruit_fields,
          grunt_megastairs_3
Lair:2:   nzn_winding_woodlands_large [nzn_winding_woodlands_hourglass,
          nzn_winding_woodlands_5x15_longhouse,
          nzn_winding_woodlands_5x5_perimeter,
          nzn_winding_woodlands_center_diamonds,
          nzn_winding_woodlands_15x15_thick_spiral,
          nzn_winding_woodlands_center_triple_pond,
          nzn_winding_woodlands_5x5_cross,
          nzn_winding_woodlands_5x15_river_crossing,
          nzn_winding_woodlands_5x5_open_star], layout_regular_city,
          guppyfry_snake_entry_island
Lair:3:   layout_cave_pods, minmay_shoals_entry_beasts
Lair:4:   layout_hall_layers, gammafunk_ghost_icy,
          chequers_serial_rivers_micro_b, bobbens_dragon_lair_wall
Lair:5:   hangedman_lair_caniforms_friends, layout_hall_layers,
          nicolae_slime_entry_field_trip, lemuel_fruit_tree
Snake:1:  layout_basic, hellmonk_ghost_happy_afterlife, uniq_donald
Snake:2:  layout_cave_pods
Snake:3:  layout_cave_town
Snake:4:  grunt_snake_rune_spirals, layout_onion_interference, uniq_mara
Orc:1:    layout_caves, serial_shops, shop, uniq_maurice, uniq_erica, uniq_snorg
Orc:2:    grunt_orc_gardens, layout_diamond_mine, grunt_orc_garden,
          grunt_orc_garden, grunt_orc_garden, grunt_orc_garden

Skill      XL: |  1  2  3  4  5  6  7  8  9 10 11 12 13 14 15 16 |
---------------+-------------------------------------------------+-----
Dodging        | 3 4 5 6 8 9 10 11 13 14 | 14.7
Long Blades    | 3 |  3.5
Armour         | 1 2 3 4 5 6 7 |  7.9
Short Blades   | 1 2 4 6 8 9 10 11 12 13 14 | 14.6
Stealth        | 1 2 3 4 5 6 8 9 10 11 | 11.0
Fighting       | 3 5 6 7 9 11 12 13 15 16 | 16.0
Throwing       | 2 |  2.3

Action                     |  1- 3 |  4- 6 |  7- 9 | 10-12 | 13-15 | 16-18 || total
---------------------------+-------+-------+-------+-------+-------+-------++-------
  Melee: Long sword        |    43 |       |       |       |       |       ||    43
         Punch             |     2 |     9 |    15 |    25 |    53 |    10 ||   114
         Falchion          |    74 |       |       |       |       |       ||    74
         Dagger            |    43 |   201 |   686 |  1351 |  2749 |   490 ||  5520
         Tailslap          |       |    33 |   127 |   313 |   633 |   108 ||  1214
  Throw: Javelin           |       |       |       |     3 |       |       ||     3
 Invoke: Serpent's Lash    |       |       |       |       |    19 |     1 ||    20
         Heavenly Storm    |       |       |       |       |     2 |     1 ||     3
Ability: Lunge             |       |       |     4 |    45 |    90 |    25 ||   164
         Whirlwind         |       |       |       |    91 |   222 |    66 ||   379
         Wall Jump         |       |       |       |       |    12 |       ||    12
    Use: Scroll            |       |     2 |     4 |    13 |    13 |     3 ||    35
         Potion            |       |       |       |       |       |     1 ||     1
   Stab: Sleeping          |     4 |     2 |       |     7 |    29 |    10 ||    52
         Distracted        |       |       |       |       |     4 |       ||     4
 Armour: Leather armour    |    75 |    42 |    75 |       |       |       ||   192
         Steam dragon scal |       |       |    13 |     9 |       |       ||    22
         Acid dragon scale |       |       |       |    51 |       |       ||    51
         Troll leather arm |       |       |       |    91 |   298 |    49 ||   438
         Ring mail         |       |       |       |       |     2 |       ||     2
  Dodge: Dodged            |   107 |    96 |   254 |   418 |  1028 |   179 ||  2082
